1838 views
Uploaded 2023-01-03 23:51:50
Game version 1.32.10
41:03 long 1on1 ladder game on (2)EchoIsles
Saved by DKnight
1838 views
Uploaded 2023-01-03 23:51:50
Game version 1.32.10
41:03 long 1on1 ladder game on (2)EchoIsles

61 units @ 8.6k
/ 1.4k
36 buildings @ 5.2k
/ 2.7k


| Healing Salve | 8 | 800 |
| Lesser Clarity Potion | 5 | 350 |
| Orb of Lightning | 1 | 375 |
| Scroll of Speed | 5 | 250 |
| Scroll of Town Portal | 3 | 1050 |
| total: | 22 | 2825g |
| Peon | 16 | 1200 | / | 0 |
| Grunt | 5 | 1000 | / | 0 |
| Troll Headhunter | 7 | 980 | / | 140 |
| Raider | 4 | 720 | / | 160 |
| Tauren | 2 | 560 | / | 160 |
| Troll Berserker | 8 | 1120 | / | 160 |
| Troll Batrider | 19 | 3040 | / | 760 |
| total: | 61 | 8620g | / | 1380w |
| Watch Tower | 15 | 1650 | / | 1200 |
| Altar of Storms | 2 | 360 | / | 100 |
| Orc Burrow | 9 | 1440 | / | 360 |
| Barracks | 1 | 180 | / | 50 |
| Voodoo Lounge | 2 | 260 | / | 60 |
| War Mill | 1 | 205 | / | 0 |
| Great Hall | 1 | 385 | / | 185 |
| Beastiary | 2 | 290 | / | 280 |
| Tauren Totem | 1 | 135 | / | 155 |
| Spirit Lodge | 2 | 300 | / | 300 |
| Stronghold | 1 | 315 | / | 190 |
| Fortress | 1 | 325 | / | 190 |
| total: | 36 | 5205g | / | 2690w |
| 0:02 | Peon |
| 0:03 | Peon |
| 0:08 | Altar of Storms |
| 0:12 | Peon |
| 0:20 | Orc Burrow |
| 0:37 | Barracks |
| 0:46 | Peon |
| 0:53 | Peon |
| 0:58 | Peon |
| 1:35 | Voodoo Lounge |
| 1:40 | Grunt |
| 1:41 | Peon |
| 2:00 | Orc Burrow |
| 2:13 | Feral Spirit |
| 2:21 | Peon |
| 3:27 | Stronghold |
| 3:29 | Grunt |
| 3:33 | War Mill |
| 3:35 | Healing Salve |
| 3:35 | Lesser Clarity Potion |
| 4:10 | Grunt |
| 4:14 | Orc Burrow |
| 4:25 | Healing Salve |
| 4:27 | Lesser Clarity Potion |
| 5:07 | Steel Armor |
| 5:23 | Chain Lighting |
| 5:34 | Troll Headhunter |
| 6:00 | Berserker Strength |
| 6:53 | Troll Headhunter |
| 6:53 | Troll Headhunter |
| 6:59 | Watch Tower |
| 7:03 | Steel Ranged Weapons |
| 7:06 | Lesser Clarity Potion |
| 7:06 | Lesser Clarity Potion |
| 7:06 | Healing Salve |
| 7:06 | Healing Salve |
| 7:10 | Hex |
| 7:54 | Great Hall |
| 7:57 | Troll Headhunter |
| 8:00 | Feral Spirit |
| 8:14 | Reinforced Defenses |
| 8:24 | Watch Tower |
| 8:37 | Orc Burrow |
| 9:59 | Watch Tower |
| 10:03 | Beastiary |
| 10:21 | Fortress |
| 10:22 | Troll Headhunter |
| 10:22 | Troll Headhunter |
| 11:04 | Lesser Clarity Potion |
| 11:07 | Healing Salve |
| 11:14 | Troll Headhunter |
| 11:16 | Thorium Ranged Weapons |
| 11:22 | Beastiary |
| 11:26 | Peon |
| 11:26 | Peon |
| 11:54 | Tauren Totem |
| 11:56 | Grunt |
| 11:59 | Healing Wave |
| 12:37 | Watch Tower |
| 12:39 | Raider |
| 12:40 | Ensnare |
| 12:48 | Peon |
| 12:48 | Peon |
| 13:08 | Berserker Upgrade |
| 13:18 | Tauren |
| 13:36 | Orb of Lightning |
| 13:40 | Scroll of Town Portal |
| 13:59 | Troll Berserker |
| 13:59 | Troll Berserker |
| 14:00 | Troll Berserker |
| 14:06 | Spiked Barricades |
| 14:25 | Raider |
| 14:36 | Scroll of Speed |
| 15:07 | Orc Burrow |
| 15:10 | Raider |
| 16:38 | Troll Batrider |
| 16:42 | Watch Tower |
| 16:50 | Healing Salve |
| 17:18 | Tauren |
| 17:20 | Arcanite Ranged Weapons |
| 17:24 | Troll Batrider |
| 17:53 | Liquid Fire |
| 18:04 | Troll Berserker |
| 18:31 | Troll Batrider |
| 18:43 | Troll Berserker |
| 18:44 | Troll Berserker |
| 18:44 | Troll Berserker |
| 18:49 | Troll Batrider |
| 19:32 | Troll Batrider |
| 19:41 | Orc Burrow |
| 21:45 | Troll Batrider |
| 22:04 | Chain Lighting |
| 22:11 | Troll Berserker |
| 22:13 | Thorium Armor |
| 22:19 | Watch Tower |
| 22:33 | Troll Batrider |
| 22:33 | Troll Batrider |
| 22:37 | Scroll of Town Portal |
| 22:37 | Scroll of Speed |
| 22:39 | Healing Salve |
| 22:46 | Pillage |
| 22:55 | Troll Batrider |
| 22:56 | Troll Batrider |
| 22:56 | Troll Batrider |
| 24:13 | Troll Regeneration |
| 25:28 | Troll Batrider |
| 25:34 | Raider |
| 25:38 | Spirit Lodge |
| 25:42 | Spirit Lodge |
| 26:01 | Hex |
| 26:04 | Scroll of Speed |
| 26:04 | Scroll of Town Portal |
| 26:18 | Grunt |
| 28:50 | Troll Batrider |
| 28:50 | Troll Batrider |
| 29:35 | Watch Tower |
| 29:37 | Watch Tower |
| 29:37 | Watch Tower |
| 29:39 | Watch Tower |
| 29:40 | Watch Tower |
| 29:41 | Watch Tower |
| 29:47 | Troll Batrider |
| 29:48 | Troll Batrider |
| 31:59 | Orc Burrow |
| 32:02 | Orc Burrow |
| 32:05 | Orc Burrow |
| 32:24 | Voodoo Lounge |
| 33:50 | Altar of Storms |
| 34:11 | Troll Batrider |
| 36:34 | Watch Tower |
| 36:35 | Watch Tower |
| 36:36 | Watch Tower |
| 37:20 | Peon |
| 37:20 | Peon |
| 37:21 | Peon |
| 37:21 | Peon |
| 37:42 | Scroll of Speed |
| 37:43 | Healing Salve |
| 37:59 | Troll Batrider |
| 37:59 | Troll Batrider |
| 39:51 | Scroll of Speed |
| Right click | 1506 |
| Select | 838 |
| Select group | 216 |
| Build/train/purchase | 151 |
| Assign group | 102 |
| Use ability | 69 |
| Chat | 19 |
| Minimap ping | 14 |
| Item give/drop | 2 |
| Remove unit | 1 |
31 units @ 5k
/ 0.8k
23 buildings @ 4k
/ 1.2k



x1)
| Rod of Necromancy | 3 | 450 |
| Potion of Healing | 1 | 150 |
| Potion of Mana | 1 | 200 |
| Orb of Corruption | 1 | 375 |
| Scroll of Healing | 5 | 1250 |
| Scroll of Town Portal | 4 | 1400 |
| Potion of Lesser Invulnerability | 3 | 450 |
| Tome of Retraining | 1 | 300 |
| Staff of Teleportation | 1 | 150 |
| total: | 20 | 4725g |
| Acolyte | 11 | 825 | / | 0 |
| Ghoul | 7 | 840 | / | 0 |
| Crypt Fiend | 6 | 1290 | / | 240 |
| Obsidian Statue | 3 | 600 | / | 105 |
| Abomination | 1 | 240 | / | 70 |
| Frost Wyrm | 3 | 1155 | / | 360 |
| total: | 31 | 4950g | / | 775w |
| Nerubian Tower | 1 | 100 | / | 20 |
| Spirit Tower | 6 | 870 | / | 240 |
| Crypt | 1 | 200 | / | 50 |
| Altar of Darkness | 1 | 180 | / | 50 |
| Ziggurat | 11 | 1650 | / | 550 |
| Tomb of Relics | 1 | 130 | / | 30 |
| Graveyard | 1 | 215 | / | 0 |
| Necropolis | 5 | 1125 | / | 0 |
| Slaughterhouse | 1 | 140 | / | 135 |
| Boneyard | 2 | 350 | / | 400 |
| Halls of the Dead | 1 | 320 | / | 210 |
| Black Citadel | 1 | 325 | / | 230 |
| total: | 23 | 3990g | / | 1215w |
| 0:03 | Acolyte |
| 0:03 | Acolyte |
| 0:07 | Crypt |
| 0:09 | Altar of Darkness |
| 0:26 | Ziggurat |
| 0:37 | Acolyte |
| 0:42 | Acolyte |
| 0:59 | Tomb of Relics |
| 1:15 | Ghoul |
| 1:24 | Ghoul |
| 1:39 | Ziggurat |
| 1:58 | Ghoul |
| 2:07 | Nerubian Tower |
| 2:14 | Death Coil |
| 2:17 | Rod of Necromancy |
| 2:57 | Ghoul |
| 3:31 | Ghoul |
| 3:33 | Graveyard |
| 4:14 | Ghoul |
| 4:22 | Halls of the Dead |
| 4:32 | Ghoul |
| 4:47 | Unholy Aura |
| 4:52 | Ziggurat |
| 5:01 | Crypt Fiend |
| 5:03 | Rod of Necromancy |
| 5:47 | Crypt Fiend |
| 6:08 | Ziggurat |
| 6:12 | Crypt Fiend |
| 6:57 | Slaughterhouse |
| 7:31 | Death Coil |
| 7:33 | Crypt Fiend |
| 7:55 | Black Citadel |
| 7:59 | Rod of Necromancy |
| 8:01 | Frost Nova |
| 8:09 | Obsidian Statue |
| 9:06 | Obsidian Statue |
| 9:33 | Potion of Healing |
| 9:51 | Potion of Mana |
| 10:10 | Dark Ritual |
| 10:23 | Crypt Fiend |
| 10:24 | Ziggurat |
| 10:25 | Destroyer Form |
| 10:38 | Ghoul Frenzy |
| 11:01 | Orb of Corruption |
| 11:05 | Scroll of Healing |
| 11:15 | Creature Attack |
| 11:34 | Obsidian Statue |
| 11:36 | Crypt Fiend |
| 11:58 | Death Pact |
| 12:15 | Acolyte |
| 12:15 | Acolyte |
| 13:01 | Acolyte |
| 13:03 | Necropolis |
| 13:10 | Potion of Lesser Invulnerability |
| 13:33 | Acolyte |
| 14:08 | Acolyte |
| 14:37 | Ziggurat |
| 14:46 | Howl of Terror |
| 14:53 | Boneyard |
| 15:13 | Potion of Lesser Invulnerability |
| 15:39 | Spirit Tower |
| 15:50 | Acolyte |
| 15:50 | Acolyte |
| 16:44 | Boneyard |
| 17:17 | Improved Creature Attack |
| 17:18 | Creature Carapace |
| 17:24 | Abomination |
| 17:25 | Disease Cloud |
| 18:37 | Frost Wyrm |
| 18:52 | Frost Wyrm |
| 19:07 | Ziggurat |
| 19:16 | Scroll of Healing |
| 19:17 | Potion of Lesser Invulnerability |
| 19:31 | Ziggurat |
| 19:32 | Ziggurat |
| 20:11 | Spirit Tower |
| 20:15 | Improved Creature Carapace |
| 20:31 | Spirit Tower |
| 20:58 | Frost Nova |
| 22:41 | Web |
| 22:45 | Necropolis |
| 22:59 | Spirit Tower |
| 23:12 | Scroll of Town Portal |
| 23:19 | Scroll of Healing |
| 23:19 | Scroll of Healing |
| 23:39 | Cleaving Attack |
| 24:12 | Necropolis |
| 24:37 | Scroll of Town Portal |
| 25:23 | Freezing Breath |
| 25:32 | Ziggurat |
| 26:26 | Ziggurat |
| 26:28 | Spirit Tower |
| 27:19 | Frost Wyrm |
| 27:52 | Death Coil |
| 28:06 | Spirit Tower |
| 29:54 | Dark Ritual |
| 29:59 | Cleaving Attack |
| 30:21 | Scroll of Town Portal |
| 30:22 | Scroll of Healing |
| 32:12 | Scroll of Town Portal |
| 33:40 | Necropolis |
| 34:12 | Necropolis |
| 35:39 | Tome of Retraining |
| 35:39 | Retrain Hero |
| 35:41 | Rain of Fire |
| 35:42 | Cleaving Attack |
| 36:22 | Cleaving Attack |
| 38:31 | Staff of Teleportation |
| 40:17 | Unholy Aura |
| Right click | 1831 |
| Select group | 1383 |
| Select | 652 |
| Misc. action | 192 |
| Build/train/purchase | 123 |
| Use ability | 95 |
| Assign group | 67 |
| Chat | 22 |
| Item give/drop | 5 |
| Remove unit | 2 |
| Esc | 1 |